 Dungeon Crawl Stone Soup version 0.26-a0-1129-gc5df7fbe6a (webtiles) character file.

Game seed: 8050305159384929245

2814 nuthulu the Fighter (level 9, -2/63 HPs)
             Began as a Gargoyle Fighter on Dec 18, 2020.
             Was a Priest of Okawaru.
             Slain by Psyche
             ... wielding a +2 dagger of distortion
              (17 damage)
             ... on level 8 of the Dungeon.
             The game lasted 00:09:40 (7256 turns).

nuthulu the Fighter (Gargoyle Fighter)              Turns: 7256, Time: 00:09:41

Health: -2/63      AC: 15    Str: 27    XL:     9   Next: 72%
Magic:  9/9        EV:  7    Int:  9    God:    Okawaru [***...]
Gold:   400        SH:  0    Dex: 11    Spells: 8/8 levels left

rFire    . . .     SeeInvis +   a - +4 flail
rCold    . . .     Faith    .   c - +0 kite shield
rNeg     + . .     Spirit   .   b - +0 scale mail
rPois    ∞         Reflect  .   n - +0 helmet
rElec    +         Harm     .   v - +0 cloak
rCorr    .         Rampage  .   (no gloves)
Will     .....                  (no boots)
Stlth    ..........             (no amulet)
HPRegen  0.20/turn              g - ring of see invisible
MPRegen  0.11/turn              m - +6 ring of strength

@: confused
A: negative energy resistance 1, electricity resistance, unbreathing,
petrification resistance, miasma immunity, AC +6
a: Renounce Religion, Heroism


You were on level 8 of the Dungeon.
You worshipped Okawaru.
Okawaru was most pleased with you.
You visited 1 branch of the dungeon, and saw 8 of its levels.
You also visited: Sewer.

You collected 420 gold pieces.
You spent 20 gold pieces at shops.

Inventory:

Hand Weapons
 a - a +4 flail (weapon)
Armour
 b - a +0 scale mail (worn)
 c - a +0 kite shield (worn)
 n - a +0 helmet (worn)
 v - a +0 cloak (worn)
Jewellery
 g - a ring of see invisible (left hand)
 m - a +6 ring of strength (right hand)
 u - a +4 ring of evasion
 x - an uncursed ring of flight
Wands
 d - a wand of flame (21)
Scrolls
 f - 2 scrolls of magic mapping
 h - 3 scrolls of teleportation
 k - 2 scrolls of fear
 l - 2 scrolls of remove curse
 o - a scroll of amnesia
 p - a scroll of identify
 w - a scroll of fog
Potions
 e - 5 potions of curing
 i - 2 potions of cancellation
 j - a potion of haste
 q - a potion of brilliance
 r - 2 potions of mutation
 s - 3 potions of heal wounds
 t - 4 potions of flight


   Skills:
 + Level 10.5 Fighting
 + Level 9.5 Maces & Flails
 - Level 3.2 Armour
 - Level 3.2 Shields


You had 8 spell levels left.
You didn't know any spells.
Your spell library contained the following spells:

 Spells                   Type           Power        Failure   Level
 Magic Dart               Conj           0%           99%         1
 Searing Ray              Conj           0%           99%         2
 Dazzling Flash           Conj/Hex       0%           100%        3
 Fulminant Prism          Conj/Hex       0%           100%        4
 Iskenderun's Mystic Bla  Conj/Tloc      0%           100%        4


Dungeon Overview and Level Annotations

Branches:
Dungeon (8/15)             Temple (0/1) D:7           Sewer (visited)
   Lair: D:8-11

Altars:
Cheibriados
Elyvilon
Gozag
Makhleb
Okawaru
Qazlal
Vehumet
Xom

Shops:
D:4 *   D:8 :

Annotations:
D:8 Psyche


Innate Abilities, Weirdness & Mutations

You are resistant to torment.
Your stone body is resilient. (AC +6)
You are immune to poison.
You resist negative energy. (rN+)
You are resistant to electric shocks. (rElec)
You can survive without breathing.
You are immune to petrification.
You are immune to miasma.


Message History

Your will is overpowered!
You are confused.
The ogre shouts!
Psyche points at you and mumbles some strange words.
The magic dart hits you. Psyche gestures at you while chanting.
The puff of frost hits you.
There is a stone staircase leading up here.
You bump into the rock wall.
Psyche hits you with a +2 dagger of distortion.
Space warps horribly around you!!
You bump into the rock wall.
You feel less confused.
Psyche zaps a wand.
Your will is overpowered!
You are confused.
Psyche hits you with a +2 dagger of distortion.
Space warps horribly around you!
* * * LOW HITPOINT WARNING * * *
Unknown command.
Psyche hits you but does no damage. Space warps horribly around you!
You die...

##### #...#
#...# #..@#
#.Z@####
#...Z..#...
##∩.∩.OZO...
#....##.....
#.∩.∩###....
#......#....
#......# ...
#......# ..


You could see Psyche (resistant), an ogre, a quokka zombie and a centaur zombie.

Vanquished Creatures
  Prince Ribbit (D:6)
  Grinder (D:5)
  Sigmund (D:3)
  Menkaure (D:4)
  An ice beast (D:7)
  A black bear (D:6)
  A necrophage (D:7)
  An orc warrior (D:7)
  3 phantoms
  An ogre (D:4)
  3 centaurs (D:7)
  2 big kobolds
  2 bullfrogs (D:7)
  A scorpion (D:5)
  A crimson imp (D:5)
  3 centaur skeletons
  A jelly (D:5)
  3 orc priests
  Crazy Yiuf (D:6)
  2 hounds (D:6)
  3 orc wizards
  3 worker ants
  3 iguanas
  2 hound skeletons
  Robin (D:4)
  A howler monkey skeleton (D:6)
  2 gnolls (D:3)
  7 adders
  A river rat (Sewer)
  A shadow imp (D:5)
  A white imp (D:7)
  2 ufetubi (D:6)
  An ooze (D:1)
  3 adder zombies
  4 worms
  2 dart slugs
  4 leopard geckos
  21 orcs
  9 bats
  10 giant cockroaches
  15 goblins
  13 hobgoblins
  9 jackals
  A quokka (D:5)
  2 ball pythons
  6 frilled lizards
  16 kobolds
  14 rats
188 creatures vanquished.

Vanquished Creatures (others)
  A quokka (D:3)
  6 plants (D:7)
7 creatures vanquished.

Grand Total: 195 creatures vanquished

Notes
Turn   | Place    | Note
-------+----------+-------------------------------------------
     0 | D:1      | nuthulu the Gargoyle Fighter began the quest for the Orb.
     0 | D:1      | Reached XP level 1. HP: 14/14 MP: 1/1
   129 | D:1      | Reached XP level 2. HP: 15/19 MP: 2/2
   760 | D:1      | Reached XP level 3. HP: 24/24 MP: 3/3
   769 | D:1      | Reached skill level 4 in Fighting
  1247 | D:2      | Found an iron altar of Okawaru.
  1256 | D:2      | Became a worshipper of Warmaster Okawaru
  1673 | D:3      | Found a white marble altar of Elyvilon.
  1676 | D:3      | Noticed a phantom
  1719 | D:3      | Killed a phantom
  1720 | D:3      | Reached skill level 5 in Fighting
  1720 | D:3      | Reached XP level 4. HP: 17/31 MP: 4/4
  1720 | D:3      | Reached XP level 5. HP: 20/35 MP: 5/5
  1878 | D:3      | Found a snail-covered altar of Cheibriados.
  1880 | D:3      | Found a stormy altar of Qazlal.
  1882 | D:3      | Found an opulent altar of Gozag.
  1882 | D:3      | Found a radiant altar of Vehumet.
  2023 | D:3      | Noticed Sigmund
  2045 | D:3      | Killed Sigmund
  2046 | D:3      | Reached XP level 6. HP: 10/41 MP: 6/6
  2338 | D:3      | Reached * piety under Okawaru
  2641 | D:3      | Reached skill level 6 in Fighting
  2641 | D:3      | Reached skill level 5 in Maces & Flails
  2781 | D:3      | Found a shimmering altar of Xom.
  3116 | D:4      | Reached XP level 7. HP: 47/47 MP: 7/7
  3285 | D:4      | Noticed Menkaure
  3290 | D:4      | Killed Menkaure
  3479 | D:4      | Noticed Robin
  3498 | D:3      | Reached skill level 7 in Fighting
  3624 | D:4      | Killed Robin
  3679 | D:4      | Found Quetzevaddo's General Store.
  3682 | D:4      | Bought a scroll of identify for 20 gold pieces
  3813 | D:5      | Entered Level 5 of the Dungeon
  3969 | D:5      | Reached ** piety under Okawaru
  4025 | D:5      | Found a shimmering altar of Xom.
  4026 | D:5      | Found a burning altar of Makhleb.
  4029 | D:5      | Paralysed by a crimson imp for 4 turns
  4170 | D:5      | Reached XP level 8. HP: 53/53 MP: 8/8
  4474 | D:5      | Noticed Grinder
  4489 | D:5      | Paralysed by Grinder for 3 turns
  4492 | D:5      | Killed Grinder
  4493 | D:5      | Reached skill level 8 in Fighting
  4686 | D:6      | Found a burning altar of Makhleb.
  4686 | D:6      | Noticed a balrug
  4687 | D:6      | Noticed Prince Ribbit
  4762 | D:6      | Killed Prince Ribbit
  4915 | D:6      | Reached skill level 9 in Fighting
  4921 | D:6      | Found a glowing drain.
  4976 | Sewer    | Entered a sewer
  5024 | Sewer    | Reached *** piety under Okawaru
  5025 | Sewer    | Reached XP level 9. HP: 60/60 MP: 9/9
  5052 | Sewer    | Found a white marble altar of Elyvilon.
  5462 | D:6      | Found a runed translucent door.
  5463 | D:6      | Noticed Crazy Yiuf
  5472 | D:6      | Killed Crazy Yiuf
  6054 | D:7      | Reached skill level 10 in Fighting
  6102 | D:7      | Found a staircase to the Ecumenical Temple.
  7231 | D:8      | Found Luyghal's Book Boutique.
  7244 | D:8      | Noticed Psyche
  7256 | D:8      | Slain by Psyche

Illustrated notes

Levels and vault maps discovered:
D:1:      scummos_arrival_forest, layout_basic, hex_large,
          hangedman_decor_slide_cut
D:2:      layout_rooms, okawaru_trees_1, serial_forest,
          infiniplex_forest_straight_3, infiniplex_forest_lined_3,
          infiniplex_forest_clump_diagonal, infiniplex_forest_lined_room_2,
          infiniplex_forest_corner_2
D:3:      layout_loops_corners, minitemple, elyvilon_altar_4, tgw_xom,
          uniq_sigmund
D:4:      layout_basic, serial_shops, nicolae_shop_behind_doors, uniq_robin,
          uniq_menkaure
D:5:      layout_basic, grunt_temple_overflow_champion_of_chaos,
          wad_rectangle_vault, uniq_grinder
D:6:      minmay_inner_zag, layout_basic, cheibrodos_sewer_entry_drain,
          makhleb_altar_promises_db, uniq_crazy_yiuf_cottage,
          uniq_prince_ribbit1
D:7:      layout_loops_ring, minmay_temple_entry_enclosed_plants,
          serial_bayou_pond_a, mrwooster_statue_mirror
D:8:      layout_rooms, grunt_temple_overflow_growth_and_decay,
          overflow_temple_1_default, zin_angel, nicolae_ossuary_entry_monument,
          serial_shops, nicolae_shop_competitors_out_of_business,
          grunt_ministairs_11, minmay_small_thing, uniq_joseph, uniq_psyche,
          uniq_gastronok

Skill      XL: |  1  2  3  4  5  6  7  8  9 |
---------------+----------------------------+-----
Fighting       | 5 6 7 9 10 | 10.5
Maces & Flails | 3 4 5 6 8 9 |  9.5
Armour         | |  3.2
Shields        | |  3.2

Action                   |  1- 3 |  4- 6 |  7- 9 || total
-------------------------+-------+-------+-------++-------
Melee: Flail             |   164 |   126 |   332 ||   622
  Use: Scroll            |     7 |     4 |    12 ||    23
       Potion            |       |     1 |       ||     1
 Stab: Invisible         |       |     3 |       ||     3
Armor: Scale mail        |   116 |    60 |   128 ||   304
Dodge: Dodged            |    60 |    42 |    77 ||   179
Block: Kite shield       |   102 |    55 |   165 ||   322

Table legend: (Time is in decaauts)
 A = Elapsed time spent in this place.
 B = Non-inter-level travel time spent in this place.
 C = Inter-level travel time spent in this place.
 D = Time resting spent in this place.
 E = Time spent auto-exploring this place.
 F = Levels seen in this place.
 G = Mean time per level.
                   A        B        C        D        E       F      G
               +--------+--------+--------+--------+--------+-----+--------+
         Total |   7430 |   7253 |    177 |   1388 |   4090 |   9 |  825.6 |
       Dungeon |   7211 |   7034 |    177 |   1388 |   3997 |   8 |  901.4 |
         Sewer |    218 |    218 |      0 |      0 |     93 |   1 |  218.0 |
               +--------+--------+--------+--------+--------+-----+--------+

Top non-repeatable levels by time:
     D:3: 1607 daAuts
     D:7: 1435 daAuts
     D:1: 1081 daAuts
     D:6: 979 daAuts
     D:5: 858 daAuts
     D:2: 620 daAuts
     D:4: 605 daAuts
   Sewer: 218 daAuts
     D:8: 24 daAuts
